 Dungeon Crawl Stone Soup version 0.29.1-15-g9cfb28693d (webtiles) character file.

Game seed: 10640581311454837549

34 Mickster the Chopper (level 3, -5/33 HPs)
             Began as a Hill Orc Berserker on May 2, 2023.
             Was a Follower of Trog.
             Slain by Terence
             ... wielding a +0 flail
              (10 damage)
             ... on level 2 of the Dungeon.
             The game lasted 00:07:30 (2043 turns).

Mickster the Chopper (Hill Orc Berserker)           Turns: 2043, Time: 00:07:31

Health: -5/33      AC:  2    Str: 21    XL:     3   Next: 31%
Magic:  3/3        EV: 12    Int:  7    God:    Trog [*.....]
Gold:   44         SH:  0    Dex: 10    Spells: 2/2 levels left

rFire   . . .      SeeInvis .   a - +0 hand axe
rCold   . . .      Faith    .   (no shield)
rNeg    . . .      Spirit   .   b - +0 animal skin
rPois   .          Reflect  .   (no helmet)
rElec   .          Harm     .   (no cloak)
rCorr   .          Rampage  .   (no gloves)
Will    +....                   (no boots)
Stlth   +.........              (no amulet)
HPRegen 0.11/turn               c - ring of willpower
MPRegen 0.08/turn               (no ring)

@: no status effects
A: no striking features
a: Renounce Religion, Berserk


You were on level 2 of the Dungeon.
You worshipped Trog.
Trog was aware of your devotion.
You visited 1 branch of the dungeon, and saw 2 of its levels.

You collected 44 gold pieces.

Inventory:

Hand Weapons
 a - a +0 hand axe (weapon)
Missiles
 d - 8 stones
 f - 5 silver javelins (quivered)
Armour
 b - a +0 animal skin (worn)
Jewellery
 c - a ring of willpower (left hand)
Potions
 e - a potion of invisibility {unknown}


   Skills:
 + Level 4.2 Fighting
 + Level 4.4 Axes
 + Level 2.3 Armour
 + Level 2.0 Dodging
 + Level 0.4 Stealth


You had 2 spell levels left.
You didn't know any spells.
Your spell library was empty.

Dungeon Overview and Level Annotations

Branches:
Dungeon (2/15)

Altars:

Annotations:
D:2 Terence


Message History

Found 7 gold pieces.
You see here 5 silver javelins.
f - 5 silver javelins You now have 44 gold pieces (gained 7).
A rat comes into view.
The rat bites you.
You barely miss the rat. The rat closely misses you.
You barely miss the rat. The rat closely misses you.
You barely miss the rat. The rat barely misses you.
You closely miss the rat. The rat bites you.
You closely miss the rat. The rat bites you but does no damage.
You hit the rat.
You kill the rat!
Trog accepts your kill.
You see here a rat corpse.
Terence the Incautious comes into view.
He is wielding a +0 flail.
Terence shouts!
Terence misses you.
Found 14 gold pieces.
Terence barely misses you.
You hit Terence.
Terence is lightly wounded.
Terence hits you with a +0 flail!
You hit Terence but do no damage.
Terence is lightly wounded.
Terence shouts, "Now you die!" Terence hits you with a +0 flail!
You barely miss Terence.
Terence is lightly wounded.
Terence misses you. x2
You completely miss Terence.
Terence is lightly wounded.
Terence barely misses you.
You hit Terence.
Terence is heavily wounded.
Terence hits you with a +0 flail!
* * * LOW HITPOINT WARNING * * *
You hit Terence but do no damage.
Terence is heavily wounded.
Terence hits you with a +0 flail!
You die...

.. ##...........#####..
#.######.#.####....#...
#....###.#..# ####.....
#...#.##............
#..†# ...##..###..
#..## #.......##.. #..#
#..###..... #..#
......... #@@#
###.#.....
#......$........<..
#.........##.......
#..................
.........####......
#.........# #.......
#.........# #.#.....
...#####.## #.#..... #
######


You could see Terence.

Vanquished Creatures
  2 dart slugs (D:1)
  A giant cockroach (D:1)
  3 hobgoblins (D:1)
  A kobold (D:1)
  A quokka (D:1)
  4 ball pythons (D:2)
  3 bats
  3 frilled lizards
  7 goblins (D:1)
  4 rats
29 creatures vanquished.

Vanquished Creatures (others)
  A withered plant (D:2)
1 creature vanquished.

Grand Total: 30 creatures vanquished

Notes
Turn   | Place    | Note
-------+----------+-------------------------------------------
     0 | D:1      | Mickster the Hill Orc Berserker began the quest for the
                  | Orb.
     0 | D:1      | Reached XP level 1. HP: 19/19 MP: 1/1
   473 | D:1      | Reached XP level 2. HP: 25/27 MP: 2/2
  1395 | D:1      | Reached XP level 3. HP: 32/33 MP: 3/3
  1617 | D:1      | Found a faded altar of an unknown god.
  2034 | D:2      | Noticed Terence
  2043 | D:2      | Slain by Terence

Illustrated notes

Levels and vault maps discovered:
D:1:      matt_arrival_diagonals, layout_basic, basic_ecumenical_altar
D:2:      layout_rooms, serial_undead, serial_undead_a, serial_undead_c,
          serial_undead_b, serial_undead_c, serial_undead_f, serial_undead_c,
          nicolae_underground_beach, uniq_terence

Skill      XL: |  1  2 |
---------------+-------+-----
Fighting       | 4 |  4.2
Dodging        | 2 |  2.0
Axes           | |  4.4
Armour         | |  2.3
Stealth        | |  0.4

Action                   || total
-------------------------++-------
Melee: Hand axe          ||   112
Invok: Berserk           ||     3
  Use: Scroll            ||     2
Armor: Animal skin       ||    32
Dodge: Dodged            ||    64
